 Dungeon Crawl Stone Soup version 0.30-a0-879-ga8ba668304 (webtiles) character file.

Game seed: 17881335980315918377

2027 Ijustatesigmund the Magician (level 9, -2/65 HPs)
             Began as a Gnoll Fire Elementalist on Mar 13, 2023.
             Was a Follower of Cheibriados.
             Killed by divine providence
             ... invoked by an orc priest
              (17 damage)
             ... on level 6 of the Dungeon.
             The game lasted 00:15:35 (8198 turns).

Ijustatesigmund the Magician (GnFE)                 Turns: 8198, Time: 00:15:36

Health: -2/65      AC: 10    Str: 13    XL:     9   Next: 23%
Magic:  10/18      EV: 15    Int: 29    God:    Cheibriados [*.....]
Gold:   286        SH:  0    Dex: 15    Spells: 14/21 levels left

rFire   . . .      SeeInvis +    p - +0 short sword (venom)
rCold   . . .      Faith    .    (no shield)
rNeg    . . .      Spirit   .    a - +0 robe
rPois   +          Reflect  .    o - +2 helmet {Int+3}
rElec   +          Rampage  .    s - +2 cloak
rCorr   .                        (no gloves)
Will    .....                    g - +1 pair of boots "Goobux" {rElec Regen+ SInv}
Stlth   +                        (no amulet)
HPRegen 1.10/turn                d - ring of poison resistance
MPRegen 0.16/turn                v - ring of Iboin {Str+3 Int+6}

@: confused, lethally poisoned (-2 -> -3), very slow
A: fangs 1, strong nose, distributed training
a: Renounce Religion, Bend Time


You were on level 6 of the Dungeon.
You worshipped Cheibriados.
Cheibriados was aware of your devotion.
You visited 2 branches of the dungeon, and saw 7 of its levels.

You collected 352 gold pieces.
You spent 66 gold pieces at shops.

Inventory:

Hand Weapons
 c - a +0 mace
 p - a +0 short sword of venom (weapon)
Missiles
 i - 2 throwing nets
Armour
 a - a +0 robe (worn)
 e - a +0 buckler
 g - the +1 pair of boots "Goobux" (worn) {rElec Regen+ SInv}
   (You found it on level 3 of the Dungeon)

   rElec:     It insulates you from electricity.
   SInv:      It lets you see invisible.
   Regen:     It increases your rate of health regeneration.
 o - a +2 helmet of intelligence (worn)
 s - a +2 cloak (worn)
Jewellery
 d - a ring of poison resistance (left hand)
 v - the ring of Iboin (right hand) {Str+3 Int+6}
   (You found it on level 5 of the Dungeon)

   [ring of intelligence]

   Str:       It affects your strength (+3).
   Int:       It affects your intelligence (+6).
Wands
 u - a wand of mindburst (11)
 y - a wand of flame (9)
Scrolls
 f - a scroll of identify
 h - a scroll of vulnerability
 k - a scroll of fog
 q - 2 scrolls of magic mapping
 w - a scroll of blinking
Potions
 b - a potion of magic
 j - a potion of lignification
 l - a potion of brilliance
 m - 2 potions of attraction
 n - a potion of might
 r - 2 potions of flight
 t - a potion of mutation {unknown}
 z - 2 potions of heal wounds
 A - a potion of berserk rage {unknown}


   Skills:
 + Level 4.2 Fighting
 + Level 4.2 Short Blades
 + Level 4.2 Long Blades
 + Level 4.2 Axes
 + Level 4.2 Maces & Flails
 + Level 4.2 Polearms
 + Level 4.2 Staves
 + Level 4.2 Ranged Weapons
 + Level 4.2 Throwing
 + Level 4.2 Armour
 + Level 6.3 Dodging
 + Level 6.0 Stealth
 + Level 4.2 Shields
 + Level 4.2 Unarmed Combat
 + Level 6.6 Spellcasting
 + Level 4.1 Conjurations
 + Level 3.4 Hexes
 + Level 3.4 Summonings
 + Level 3.4 Necromancy
 + Level 3.4 Translocations
 + Level 3.4 Transmutations
 + Level 6.5 Fire Magic
 + Level 3.4 Ice Magic
 + Level 3.4 Air Magic
 + Level 3.4 Earth Magic
 + Level 3.4 Poison Magic
 + Level 4.6 Invocations
 + Level 4.2 Evocations


You had 14 spell levels left.
You knew the following spells:

 Your Spells              Type           Power      Damage    Failure   Level
a - Foxfire               Conj/Fire      100%       2x1d9     1%          1
b - Scorch                Fire           94%        2d9       1%          2
c - Sticky Flame          Conj/Fire      40%        2d6       6%          4

Your spell library contained the following spells:

 Spells                   Type           Power      Damage    Failure   Level
 Ensorcelled Hibernation  Hex/Ice        58%        N/A       1%          2
 Lesser Beckoning         Tloc           58%        N/A       1%          2
 Passwall                 Tmut/Erth      24%        N/A       1%          2
 Inner Flame              Hex/Fire       38%        N/A       1%          3
 Ignite Poison            Fire/Tmut/Pois 35%        N/A       2%          3
 Kindle Blastsparks       Fire/Tloc/Air  70%        2d15      2%          3
 Gell's Gravitas          Tloc           29%        N/A       3%          3
 Swiftness                Air            29%        N/A       3%          3
 Teleport Other           Tloc           29%        N/A       3%          3
 Flame Wave               Conj/Fire      40%        2d11      6%          4
 Ignition                 Fire           23%        3d8       100%        8


Dungeon Overview and Level Annotations

Branches:
Dungeon (6/15)             Temple (1/1) D:5

Altars:
Ashenzari
Cheibriados
Dithmenos
Elyvilon
Fedhas
Makhleb
Nemelex Xobeh
Okawaru
Qazlal
Sif Muna
Trog
Uskayaw
Vehumet
Wu Jian
Xom
Yredelemnul
Zin

Shops:
D:4 [   D:6 !


Innate Abilities, Weirdness & Mutations

You have very sharp teeth.
Your uncanny sense of smell can sniff out nearby items.
Your experience applies equally to all skills.


Message History

Casting: Scorch (safe; 1% risk of failure)
Confirm with . or Enter, or press ? or * to list all spells.
Flames lash the orc.
You kill the orc!
Cheibriados appreciates the change of pace.
You feel sick.
The orc priest mumbles some strange prayers to Beogh against you.
Beogh smites you!
The orc wizard points at you and mumbles some strange words.
The magic dart hits you.
You feel sick.
The orc wizard points at you and mumbles some strange words.
You are confused.
You're too confused to cast spells.
You closely miss the orc wizard.
You bump into the rock wall.
You feel sick.
The orc wizard hits you but does no damage.
You're too confused to move!
You feel sick.
The orc wizard hits you with a +2 dagger of venom.
You barely miss the orc wizard. Your bite misses the orc wizard.
The orc priest is no longer more vulnerable to fire.
The orc wizard casts a spell at you.
You easily resist.
You're too confused to move!
You feel sick.
You are no longer poisoned.
The orc wizard hits you but does no damage.
You are poisoned.
You bump into the rock wall.
You feel sick. The orc wizard casts a spell at you.
You are more confused.
The orc priest miscasts a cantrip.
You hit the orc wizard.
The orc wizard is poisoned.
You bite the orc wizard.
The orc wizard is lightly wounded.
You feel sick.
The orc wizard points at you and mumbles some strange words.
The puff of flame hits you!
* * * LOW HITPOINT WARNING * * *
The orc priest calls down the wrath of Beogh upon you.
Beogh smites you!
You die...

#####..######## ########...###
....#..#############.........##
.........).)....)......#####.#
###.#..#############...# #.#
##.....# ##### #.# #.#.#..# #.#
.).....# #.#
#.#.#.################ ..#
##...##....[....@oo).# ###
##.###.############.# #.# #.#
###.# #.# ....# #.# ##### #.#
.######.# ........# #########


You could see an orc priest and an orc wizard (invisible, very poisoned).

Vanquished Creatures
  Sigmund (D:2)
  A water moccasin (D:6)
  3 black bears
  An orc warrior (D:6)
  A sky beast (D:4)
  An ogre (D:5)
  2 phantoms
  A kobold brigand (D:6)
  4 scorpions
  2 gnoll sergeants (D:6)
  2 howler monkeys
  3 jellies (D:5)
  A hound (D:6)
  An orc priest (D:6)
  Crazy Yiuf (D:3)
  An iguana (D:5)
  3 orc wizards
  10 gnolls
  6 adders
  3 ufetubi
  8 dart slugs
  15 orcs
  10 endoplasms
  4 giant cockroaches
  4 goblins
  8 hobgoblins
  6 jackals
  4 quokkas
  16 ball pythons
  2 bats (D:2)
  A frilled lizard (D:2)
  11 kobolds
  7 rats
144 creatures vanquished.

Vanquished Creatures (others)
  279 foxfires
  A plant (D:2)
280 creatures vanquished.

Grand Total: 424 creatures vanquished

Notes
Turn   | Place    | Note
-------+----------+-------------------------------------------
     0 | D:1      | Ijustatesigmund the Gnoll Fire Elementalist began the quest
                  | for the Orb.
     0 | D:1      | Reached XP level 1. HP: 13/13 MP: 6/6
   140 | D:1      | Reached XP level 2. HP: 19/19 MP: 4/7
   143 | D:1      | Learned a level 2 spell: Scorch
   992 | D:1      | Reached skill level 5 in Spellcasting
   992 | D:1      | Reached XP level 3. HP: 25/25 MP: 1/9
  1609 | D:1      | Reached skill level 1 in Invocations
  1747 | D:2      | Reached skill level 1 in Fighting
  1747 | D:2      | Reached skill level 1 in Short Blades
  1747 | D:2      | Reached skill level 1 in Long Blades
  1747 | D:2      | Reached skill level 1 in Axes
  1747 | D:2      | Reached skill level 1 in Maces & Flails
  1747 | D:2      | Reached skill level 1 in Polearms
  1747 | D:2      | Reached skill level 1 in Staves
  1747 | D:2      | Reached skill level 1 in Ranged Weapons
  1747 | D:2      | Reached skill level 1 in Throwing
  1747 | D:2      | Reached skill level 1 in Armour
  1747 | D:2      | Reached skill level 1 in Shields
  1747 | D:2      | Reached skill level 1 in Unarmed Combat
  1747 | D:2      | Reached skill level 1 in Evocations
  1902 | D:2      | Noticed Sigmund
  1911 | D:2      | Killed Sigmund
  1912 | D:2      | Reached skill level 1 in Hexes
  1912 | D:2      | Reached skill level 1 in Summonings
  1912 | D:2      | Reached skill level 1 in Necromancy
  1912 | D:2      | Reached skill level 1 in Translocations
  1912 | D:2      | Reached skill level 1 in Transmutations
  1912 | D:2      | Reached skill level 1 in Ice Magic
  1912 | D:2      | Reached skill level 1 in Air Magic
  1912 | D:2      | Reached skill level 1 in Earth Magic
  1912 | D:2      | Reached skill level 1 in Poison Magic
  1912 | D:2      | Reached XP level 4. HP: 33/33 MP: 3/11
  1912 | D:2      | Reached XP level 5. HP: 38/38 MP: 3/12
  2106 | D:2      | Reached XP level 6. HP: 33/44 MP: 10/13
  2790 | D:2      | Found a shimmering altar of Xom.
  2939 | D:2      | Reached skill level 5 in Dodging
  3480 | D:3      | Identified the +1 pair of boots "Goobux" {rElec Regen+
                  | SInv}
  3661 | D:3      | Found a snail-covered altar of Cheibriados.
  3799 | D:3      | Found a runed translucent door.
  3800 | D:3      | Noticed Crazy Yiuf
  3808 | D:3      | Killed Crazy Yiuf
  4261 | D:4      | Noticed a black bear
  4266 | D:4      | Killed a black bear
  4267 | D:4      | Reached XP level 7. HP: 51/51 MP: 8/15
  4945 | D:4      | Found Igeck's Armour Shoppe.
  5536 | D:4      | Reached skill level 5 in Stealth
  5708 | D:5      | Entered Level 5 of the Dungeon
  5939 | D:5      | Reached XP level 8. HP: 58/58 MP: 11/16
  6364 | D:5      | Identified the ring of Iboin {Str+3 Int+6}
  6589 | D:5      | Found a staircase to the Ecumenical Temple.
  6684 | Temple   | Entered the Ecumenical Temple
  6851 | D:3      | Became a worshipper of Cheibriados the Contemplative
  7702 | D:6      | Reached XP level 9. HP: 65/65 MP: 11/18
  7711 | D:6      | Learned a level 4 spell: Sticky Flame
  7916 | D:6      | Found Konaxiol's Distillery.
  7924 | D:6      | Bought a potion of heal wounds for 55 gold pieces
  7924 | D:6      | Bought a potion of degeneration for 11 gold pieces
  7982 | D:6      | Reached * piety under Cheibriados
  8198 | D:6      | Killed from afar by an orc priest

Illustrated notes

Levels and vault maps discovered:
D:1:      scummos_arrival_checkerplants, layout_basic, nicolae_hexahallways
D:2:      layout_basic, basic_altar, minmay_shallow_snake_nest, uniq_sigmund
D:3:      layout_loops_cross, lemuel_doored_altar, uniq_crazy_yiuf_cottage
D:4:      layout_basic, serial_shops, nicolae_shop_crystal,
          kennysheep_generic_room_13
D:5:      layout_basic, nicolae_overflow_hidden_temple, minmay_temple_entry_grid
D:6:      layout_loops_ring, serial_shops, nicolae_shop_crystal,
          roderic_serpentine_path
Temple:   nicolae_temple_superstar

Skill      XL: |  1  2  3  4  5  6  7  8  9 |
---------------+----------------------------+-----
Conjurations   | 2 3 4 |  4.1
Spellcasting   | 5 6 |  6.6
Invocations    | 2 3 4 |  4.6
Fighting       | 1 2 3 4 |  4.2
Short Blades   | 1 2 3 4 |  4.2
Long Blades    | 1 2 3 4 |  4.2
Axes           | 1 2 3 4 |  4.2
Maces & Flails | 1 2 3 4 |  4.2
Polearms       | 1 2 3 4 |  4.2
Staves         | 1 2 3 4 |  4.2
Ranged Weapons | 1 2 3 4 |  4.2
Throwing       | 1 2 3 4 |  4.2
Armour         | 1 2 3 4 |  4.2
Shields        | 1 2 3 4 |  4.2
Unarmed Combat | 1 2 3 4 |  4.2
Evocations     | 1 2 3 4 |  4.2
Hexes          | 1 2 3 |  3.4
Summonings     | 1 2 3 |  3.4
Necromancy     | 1 2 3 |  3.4
Translocations | 1 2 3 |  3.4
Transmutations | 1 2 3 |  3.4
Ice Magic      | 1 2 3 |  3.4
Air Magic      | 1 2 3 |  3.4
Earth Magic    | 1 2 3 |  3.4
Poison Magic   | 1 2 3 |  3.4
Dodging        | 5 6 |  6.3
Stealth        | 5 6 |  6.0
Fire Magic     | 6 |  6.5

Action                     |  1- 3 |  4- 6 |  7- 9 || total
---------------------------+-------+-------+-------++-------
  Melee: Mace              |     5 |     7 |       ||    12
         Bite              |       |     1 |     7 ||     8
         Quarterstaff      |       |     8 |    12 ||    20
         Dagger            |       |       |     8 ||     8
         Short sword       |       |       |    24 ||    24
         Punch             |       |       |     1 ||     1
   Cast: Foxfire           |    52 |    56 |    84 ||   192
         Scorch            |    14 |    16 |    58 ||    88
         Sticky Flame      |       |       |     4 ||     4
    Use: Potion            |     2 |       |       ||     2
         Scroll            |       |    10 |     7 ||    17
   Stab: Sleeping          |       |     1 |     2 ||     3
 Armour: Robe              |     3 |     5 |    30 ||    38
         Skin              |     2 |       |       ||     2
  Dodge: Dodged            |    13 |    31 |    86 ||   130

Table legend: (Time is in decaauts)
 A = Elapsed time spent in this place.
 B = Non-inter-level travel time spent in this place.
 C = Inter-level travel time spent in this place.
 D = Time resting spent in this place.
 E = Time spent auto-exploring this place.
 F = Levels seen in this place.
 G = Mean time per level.
                   A        B        C        D        E       F      G
               +--------+--------+--------+--------+--------+-----+--------+
         Total |   8355 |   8112 |    243 |   1515 |   5513 |   7 | 1193.6 |
       Dungeon |   8250 |   8024 |    226 |   1515 |   5440 |   6 | 1375.0 |
        Temple |    104 |     88 |     16 |      0 |     73 |   1 |  104.0 |
               +--------+--------+--------+--------+--------+-----+--------+

Top non-repeatable levels by time:
     D:1: 1693 daAuts
     D:4: 1669 daAuts
     D:2: 1558 daAuts
     D:5: 1253 daAuts
     D:6: 1182 daAuts
     D:3: 893 daAuts
  Temple: 104 daAuts
